 Dungeon Crawl Stone Soup version 0.26.1-11-gd32895ea62 (webtiles) character file.

Game seed: 8229781467451567181

30 Arcadio the Grave Robber (level 3, -2/26 HPs)
             Began as a Hill Orc Necromancer on May 21, 2021.
             Slain by an adder (5 damage)
             ... on level 1 of the Dungeon.
             The game lasted 00:03:01 (2029 turns).

Arcadio the Grave Robber (Hill Orc Necromancer)     Turns: 2029, Time: 00:03:02

Health: -2/26      AC:  2    Str: 10    XL:     3   Next: 20%
Magic:  2/5        EV: 12    Int: 16    God:
Gold:   23         SH:  0    Dex: 11    Spells: 3/5 levels left

rFire    . . .     SeeInvis .   i - +0 short sword (freeze)
rCold    . . .     Faith    .   (no shield)
rNeg     . . .     Spirit   .   a - +0 robe
rPois    .         Reflect  .   (no helmet)
rElec    .         Harm     .   (no cloak)
rCorr    .         Rampage  .   (no gloves)
Will     .....                  (no boots)
Stlth    ++........             (no amulet)
HPRegen  0.08/turn              (no ring)
MPRegen  0.09/turn              (no ring)

@: lethally poisoned (-2 -> -10)
A: no striking features
a: no special abilities


You were on level 1 of the Dungeon.
You visited 1 branch of the dungeon, and saw 2 of its levels.

You collected 23 gold pieces.

Inventory:

Hand Weapons
 c - a +0 dagger
 i - a +0 short sword of freezing (weapon)
Armour
 a - a +0 robe (worn)
Scrolls
 d - 2 scrolls of teleportation
 f - a scroll of amnesia {unknown}
Potions
 b - a potion of ambrosia
 e - a potion of curing {unknown}
 h - 2 potions of lignification


   Skills:
 + Level 2.3 Dodging
 - Level 1.5 Stealth
 - Level 1.5 Spellcasting
 + Level 4.5 Necromancy


You had 3 spell levels left.
You knew the following spells:

 Your Spells              Type           Power        Failure   Level
a - Pain                  Necr           60%          3%          1
b - Animate Skeleton      Necr           30%          3%          1

Your spell library contained the following spells:

 Spells                   Type           Power        Failure   Level
 Vampiric Draining        Necr           7%           10%         3
 Animate Dead             Necr           7%           32%         4
 Agony                    Necr           15%          67%         5


Dungeon Overview and Level Annotations

Branches:
Dungeon (2/15)

Altars:


Message History

The adder barely resists.
The adder bites you.
You are more poisoned.
The adder poisons you!
Casting: Pain (safe; 3% risk of failure)
Confirm with . or Enter, or press ? or * to list all spells.
Aiming: Pain (safe; 3% risk of failure)
Press: ? - help, Shift-Dir - straight line, f/p - adder
Aim: an adder (chance to affect: 80%)
The adder writhes in agony.
You feel sick. The adder barely misses you.
Casting: Pain (safe; 3% risk of failure)
Confirm with . or Enter, or press ? or * to list all spells.
Aiming: Pain (safe; 3% risk of failure)
Press: ? - help, Shift-Dir - straight line, f/p - adder
Aim: an adder (heavily wounded, chance to affect: 80%)
The adder writhes in agony.
* * * LOW HITPOINT WARNING * * *
You feel sick. The adder bites you.
* * * LOW HITPOINT WARNING * * *
The adder bites you.
You die...

### ###### #@#
#.....
#S###########....(
#B...............รท
#)#########.......
#.#########.......
#.............####
#..........####
#..........#
#..........#


You could see an adder and a giant cockroach.

Vanquished Creatures
  2 dart slugs (D:1)
  3 leopard geckos (D:1)
  2 bats (D:1)
  A bat zombie (D:1)
  3 goblins (D:1)
  4 hobgoblins (D:1)
  A frilled lizard (D:1)
  2 kobolds (D:1)
  A leopard gecko zombie (D:1)
  4 rats (D:1)
23 creatures vanquished.

Vanquished Creatures (others)
  10 plants (D:1)
10 creatures vanquished.

Grand Total: 33 creatures vanquished

Notes
Turn   | Place    | Note
-------+----------+-------------------------------------------
     0 | D:1      | Arcadio the Hill Orc Necromancer began the quest for the
                  | Orb.
     0 | D:1      | Reached XP level 1. HP: 14/14 MP: 3/3
     2 | D:1      | Learned a level 1 spell: Animate Skeleton
   361 | D:1      | Reached XP level 2. HP: 17/20 MP: 1/4
  1270 | D:1      | Reached XP level 3. HP: 9/26 MP: 0/5
  2029 | D:1      | Slain by an adder

Illustrated notes

Levels and vault maps discovered:
D:1:      saegor_arrival_fortress, layout_basic, serial_forest,
          infiniplex_forest_lined_ring, infiniplex_forest_clump_curved,
          infiniplex_forest_clump_double, infiniplex_forest_clump_cross,
          infiniplex_forest_corner_2, infiniplex_forest_clump_double,
          minmay_misc_feat_enclosed
D:2:      layout_loops_ring, st_stairs_14

Skill      XL: |  1  2 |
---------------+-------+-----
Dodging        | 2 |  2.3
Stealth        | |  1.5
Spellcasting   | |  1.5
Necromancy     | |  4.5

Action                   || total
-------------------------++-------
Melee: Dagger            ||    35
       Short sword       ||     2
 Cast: Pain              ||    38
  Use: Scroll            ||     3
 Stab: Sleeping          ||     1
Armor: Robe              ||     8
Dodge: Dodged            ||    35
